 Dungeon Crawl Stone Soup version 0.20-a0-673-g53087c7 (webtiles) character file.

92 Laan the Magician (level 4, -2/24 HPs)
             Began as a Deep Elf Ice Elementalist on Feb 18, 2017.
             Killed by nerve-wracking pain
             ... invoked by an orc priest
              (13 damage)
             ... on level 3 of the Dungeon.
             The game lasted 00:05:35 (2037 turns).

Laan the Magician (Deep Elf Ice Elementalist)       Turns: 2037, Time: 00:05:36

Health: -2/24      AC:  3    Str:  5    XL:     4   Next: 35%
Magic:  11/12      EV: 13    Int: 21    God:
Gold:   54         SH:  0    Dex: 15    Spells: 8/11 levels left

rFire    . . .     SeeInvis .   l - +0 short sword (freeze)
rCold    . . .     Gourm    .   a - +0 robe
rNeg     . . .     Faith    .   (no shield)
rPois    .         Spirit   .   (no helmet)
rElec    .         Reflect  .   o - scarf {repulsion}
rCorr    .         Harm     .   (no gloves)
MR       .....                  k - +0 pair of boots
Stlth    ++........             (no amulet)
Regen    0.1/turn               (no ring)
MPRegen  0.2/turn               (no ring)

@: repel missiles
A: no striking features
a: no special abilities


You were on level 3 of the Dungeon.
You were not hungry.

You visited 1 branch of the dungeon, and saw 3 of its levels.

You collected 54 gold pieces.

Inventory:

Hand Weapons
 l - a +0 short sword of freezing (weapon)
Armour
 a - a +0 robe (worn)
 k - a +0 pair of boots (worn)
 o - a scarf of repulsion (worn)
Scrolls
 f - a scroll of amnesia {unknown}
 g - 3 scrolls of identify {unknown}
 h - 3 scrolls of enchant armour {unknown}
 i - a scroll of remove curse {unknown}
 j - a scroll of enchant weapon {unknown}
 m - a scroll of random uselessness {unknown}
 q - a scroll of recharging {unknown}
Potions
 d - a potion of cancellation {unknown}
 e - a potion of magic {unknown}
 n - 3 potions of curing {unknown}
Books
 b - a book of Frost

   Spells                             Type                      Level
   a - Freeze                         Ice                          1
   b - Throw Frost                    Conjuration/Ice              2
   c - Ozocubu's Armour               Charms/Ice                   3
   d - Throw Icicle                   Conjuration/Ice              4
   e - Summon Ice Beast               Ice/Summoning                4
Comestibles
 c - 3 bread rations
 p - a chunk of flesh


   Skills:
 - Level 2.4 Dodging
 - Level 2.4 Stealth
 + Level 4.2 Spellcasting
 * Level 2.9 Conjurations
 + Level 4.2 Ice Magic


You had 8 spell levels left.
You knew the following spells:

 Your Spells              Type           Power        Failure   Level  Hunger
a - Freeze                Ice            ###.         1%          1    None
b - Throw Frost           Conj/Ice       ###...       4%          2    #......


Dungeon Overview and Level Annotations

Branches:
Dungeon (3/15)

Altars:
Qazlal


Message History

There is a stone staircase leading down here.
You start resting.
HP restored.
You climb downwards.
There is a stone staircase leading up here.
The orc priest mumbles some strange prayers to Beogh against you.
Beogh smites you!
Ouch! That really hurt!
Found a stone staircase leading down.
Casting: Freeze
Confirm with . or Enter, or press ? or * to list all spells.
Aiming: Freeze
Press: ? - help, Shift-Dir - straight line, f - orc priest
Aim: an orc priest, wielding a war axe You freeze the orc priest.
The orc priest is heavily wounded.
The orc priest mumbles some strange prayers to Beogh against you.
Pain shoots through your body!
Ouch! That really hurt!
You die...

.>##########
............#
............#
............#
............#
..........o.#
#.......@..#
##..........#
.......<....#
###.........#
.........(..#
............#
.......######
.%.....
.......


You could see an orc priest.

Vanquished Creatures
  3 adders (D:2)
  2 dart slugs
  A leopard gecko (D:1)
  2 orcs (D:2)
  3 ball pythons
  4 giant cockroaches
  8 goblins
  6 hobgoblins
  3 jackals (D:1)
  8 kobolds
  A quokka (D:2)
  8 bats
  A frilled lizard (D:2)
  2 rats (D:1)
52 creatures vanquished.

Vanquished Creatures (others)
  A ball python (D:2)
1 creature vanquished.

Grand Total: 53 creatures vanquished

Notes
Turn   | Place    | Note
-------+----------+-------------------------------------------
     0 | D:1      | Laan the Deep Elf Ice Elementalist began the quest for the Orb.
     0 | D:1      | Reached XP level 1. HP: 10/10 MP: 6/6
   194 | D:1      | Reached XP level 2. HP: 15/15 MP: 4/8
   644 | D:1      | Reached XP level 3. HP: 19/19 MP: 7/10
   648 | D:1      | Learned a level 2 spell: Throw Frost
  1454 | D:2      | Found a stormy altar of Qazlal.
  1581 | D:2      | Reached XP level 4. HP: 12/24 MP: 3/12
  1919 | D:2      | Found a faded altar of an unknown god.
  2037 | D:3      | Killed from afar by an orc priest

Vault maps used:
D:1:      minmay_arrival_solitary_statue
D:2:      chequers_ecumenical_altar_lobes, first_bread, grunt_qazlal_clouds
D:3:      yredelemnul_forgotten_temple_becter

Skill      XL: |  1  2  3 |
---------------+----------+-----
Ice Magic      | 4 |  4.2
Spellcasting   | 4 |  4.2
Conjurations   | 2 |  2.9
Dodging        | |  2.4
Stealth        | |  2.4

Action                   |  1- 3 |  4- 6 || total
-------------------------+-------+-------++-------
Melee: Short sword       |     5 |     1 ||     6
       Unarmed           |     1 |       ||     1
 Cast: Freeze            |    62 |    18 ||    80
 Stab: Sleeping          |     1 |       ||     1
  Eat: Chunk             |     1 |     2 ||     3
Armor: Robe              |    15 |     3 ||    18
Dodge: Dodged            |    35 |    11 ||    46
